 Dungeon Crawl Stone Soup version 0.29.1-1-gd02db6906a (webtiles) character file.

Game seed: 11275446336939217876

223 Colgate the Chiller (level 6, -6/41 HPs)
             Began as a Barachi Ice Elementalist on Oct 9, 2022.
             Mangled by an ogre
             ... wielding a +0 giant spiked club
              (7 damage)
             ... on level 4 of the Dungeon.
             The game lasted 00:10:51 (4633 turns).

Colgate the Chiller (Barachi Ice Elementalist)      Turns: 4633, Time: 00:10:52

Health: -6/41      AC: 11    Str:  9    XL:     6   Next: 0%
Magic:  3/9        EV:  9    Int: 17    God:
Gold:   168        SH:  0    Dex: 19    Spells: 2/9 levels left

rFire   + . .      SeeInvis .   a - +2 halberd (venom)
rCold   . . .      Faith    .   (shield currently unavailable)
rNeg    . . .      Spirit   .   l - +0 robe
rPois   .          Reflect  .   r - +0 helmet
rElec   .          Harm     .   t - +0 cloak
rCorr   .          Rampage  .   (no gloves)
Will    .....                   (no boots)
Stlth   ++........              (no amulet)
HPRegen 0.13/turn               q - +6 ring of dexterity
MPRegen 0.11/turn               s - ring of protection from fire

@: ice-armoured, constricted, slow
A: amphibious, slowness 1, strong legs 1, +LOS
a: Hop


You were on level 4 of the Dungeon.
You visited 1 branch of the dungeon, and saw 4 of its levels.

You collected 168 gold pieces.

Inventory:

Hand Weapons
 a - a +2 halberd of venom (weapon)
 b - the +2 dagger of Xinoerakk {drain, rElec Int+4}
   (You found it on level 3 of the Dungeon)

   A truly terrible weapon, it drains the life of any living foe it strikes.
   Int:       It affects your intelligence (+4).
   rElec:     It insulates you from electricity.
Armour
 l - a +0 robe (worn)
 r - a +0 helmet (worn)
 t - a +0 cloak (worn)
Jewellery
 q - a +6 ring of dexterity (left hand)
 s - a ring of protection from fire (right hand)
Wands
 n - a wand of iceblast (5) {@v2}
Scrolls
 d - 4 scrolls of identify {unknown}
 e - a scroll of teleportation {unknown}
 f - a scroll of amnesia {unknown}
 p - a scroll of summoning {unknown}
Potions
 c - 2 potions of mutation {unknown}
 g - a potion of attraction {unknown}
 h - a potion of degeneration {unknown}
 i - a potion of haste {@q4}
 j - 2 potions of flight {unknown}
 k - 3 potions of curing {@q1}
 m - a potion of lignification {unknown}
 o - 2 potions of magic


   Skills:
 - Level 2.1 Dodging
 - Level 1.7 Stealth
 - Level 2.1 Spellcasting
 + Level 4.0 Conjurations
 - Level 7.0 Ice Magic


You had 2 spell levels left.
You knew the following spells:

 Your Spells              Type           Power      Damage    Failure   Level
a - Freeze                Ice            100%       1d11      1%          1
b - Frozen Ramparts       Ice            50%        1d8       3%          3
c - Ozocubu's Armour      Ice            25%        N/A       3%          3

Your spell library contained the following spells:

 Spells                   Type           Power      Damage    Failure   Level
 Static Discharge         Conj/Air       8%         3-4/arc   13%         2
 Blink                    Tloc           2%         N/A       28%         2
 Sublimation of Blood     Necr           1%         N/A       28%         2
 Hailstorm                Conj/Ice       20%        3d6       21%         4
 Tukima's Dance           Hex            1%         N/A       50%         3
 Passage of Golubria      Tloc           1%         N/A       88%         4
 Petrify                  Tmut/Erth      1%         N/A       88%         4
 Irradiate                Conj/Tmut      4%         3d13      93%         5
 Lightning Bolt           Conj/Air       4%         1d15      93%         5
 Manifold Assault         Tloc           1%         N/A       99%         5
 Yara's Violent Unravell  Hex/Tmut       0%         3d3       99%         5
 Storm Form               Tmut/Air       0%         N/A       100%        7
 Maxwell's Capacitive Co  Air            0%         ∞         100%        8


Dungeon Overview and Level Annotations

Branches:
Dungeon (4/15)
 Temple: D:4-7

Altars:

Shops:
D:4 (*


Innate Abilities, Weirdness & Mutations

You are amphibious.
You cover ground slowly.
You can hop short distances.
You have an extended range of vision and can be seen from far away.


Message History

A ball python comes into view.
Hop to where?
Okay, then.
There are monsters nearby!
Unknown command.
Unknown command.
The ball python hisses angrily.
Casting: Frozen Ramparts (dangerous; 3% risk of failure)
A film of ice covers your body! The ogre barely misses you.
Casting: Ozocubu's Armour (dangerous; 3% risk of failure)
Aiming: Freeze (safe; 1% risk of failure)
Aim: an ogre, wielding a +0 giant spiked club You freeze the ogre!
Casting: Freeze (safe; 1% risk of failure)
Aiming: Freeze (safe; 1% risk of failure)
Aim: an ogre, wielding a +0 giant spiked club (moderately wounded)
You freeze the ogre!
The hound barks!
The ogre hits you with a +0 giant spiked club!!
Ouch! That really hurt!
* * * LOW HITPOINT WARNING * * *
Casting: Freeze (safe; 1% risk of failure)
Aiming: Freeze (safe; 1% risk of failure)
Aim: an ogre, wielding a +0 giant spiked club (severely wounded)
You freeze the ogre. The ball python barely misses you.
The ball python grabs you. The ball python constricts you.
An endoplasm comes into view.
The ogre hits you with a +0 giant spiked club.
* * * LOW HITPOINT WARNING * * *
You completely miss the ogre. The ball python bites you.
* * * LOW HITPOINT WARNING * * *
The ball python constricts you.
The ball python bites you but does no damage.
The ball python constricts you.
The ogre hits you with a +0 giant spiked club.
* * * LOW HITPOINT WARNING * * *
You barely miss the ogre. The ball python closely misses you.
The ball python constricts you.
The ogre hits you with a +0 giant spiked club!
You die...

...#######....#
###.......#......########
.........................
...........J.............
.........................
.............$...........
...............#.........
........h.!...###......##
.......O@.....# ###...##
.......S......# ####
#.............# #
#.............# ####### #
#.............# #....##
#.#............##
##...... #.#............#
#....... #.#............#
#....... #............#
#.<.###.


You could see an ogre, a hound, an endoplasm (wandering) and a ball python.

Vanquished Creatures
  An iguana (D:4)
  Robin (D:3)
  4 gnolls (D:2)
  4 adders
  4 dart slugs
  3 orcs
  5 bats
  4 endoplasms
  4 giant cockroaches
  15 goblins
  15 hobgoblins
  6 jackals (D:1)
  4 quokkas
  6 ball pythons
  5 frilled lizards (D:1)
  6 kobolds
  6 rats
93 creatures vanquished.

Notes
Turn   | Place    | Note
-------+----------+-------------------------------------------
     0 | D:1      | Colgate the Barachi Ice Elementalist began the quest for
                  | the Orb.
     0 | D:1      | Reached XP level 1. HP: 13/13 MP: 3/3
    74 | D:1      | Reached skill level 5 in Ice Magic
   257 | D:1      | Reached XP level 2. HP: 19/19 MP: 1/5
   828 | D:1      | Reached XP level 3. HP: 15/24 MP: 0/6
   832 | D:1      | Learned a level 3 spell: Frozen Ramparts
   854 | D:1      | Reached skill level 6 in Ice Magic
  1688 | D:2      | Reached XP level 4. HP: 14/30 MP: 3/7
  1759 | D:2      | Learned a level 3 spell: Ozocubu's Armour
  2334 | D:2      | Reached skill level 7 in Ice Magic
  2424 | D:2      | Reached skill level 1 in Conjurations
  2528 | D:2      | Reached XP level 5. HP: 35/35 MP: 4/8
  3216 | D:3      | Identified the +2 dagger of Xinoerakk {drain, rElec Int+4}
  3451 | D:3      | Noticed Robin
  3467 | D:3      | Killed Robin
  3581 | D:4      | Found Koidu's Assorted Antiques.
  4346 | D:4      | Noticed an ogre
  4535 | D:4      | Found Uralut's Weapon Shoppe.
  4562 | D:4      | Reached XP level 6. HP: 41/41 MP: 3/9
  4632 | D:4      | HP: 1/41 [ogre/+0 giant spiked club (5)]
  4633 | D:4      | Mangled by an ogre

Illustrated notes

Levels and vault maps discovered:
D:1:      lemuel_arrival_broad_hall, layout_basic
D:2:      layout_loops_ring, minmay_liquid_box
D:3:      layout_basic, uniq_robin
D:4:      layout_layer_cave, ashenzari_conservatory_becter,
          chequers_temple_overflow_statue_of_worship, serial_shops,
          nicolae_inconvenience_store, shop, nicolae_stop_n_shop_2,
          kennysheep_mini

Skill      XL: |  1  2  3  4  5 |
---------------+----------------+-----
Ice Magic      | 5 6 7 |  7.0
Conjurations   | 1 4 |  4.0
Dodging        | |  2.1
Stealth        | |  1.7
Spellcasting   | |  2.1

Action                   |  1- 3 |  4- 6 || total
-------------------------+-------+-------++-------
Melee: Unarmed           |    38 |     3 ||    41
       Punch             |       |     1 ||     1
       Halberd           |       |    50 ||    50
 Cast: Freeze            |    56 |    14 ||    70
       Frozen Ramparts   |     1 |    21 ||    22
       Ozocubu's Armour  |       |     1 ||     1
 Abil: Hop               |     1 |     1 ||     2
Armor: Robe              |    22 |    10 ||    32
Dodge: Dodged            |    80 |    45 ||   125
